AoeStats
← marc10der

Arabia

510375723Analyzed
1v1 RM · 1d ago on Sep 30, 2026· 65m 23s· 2 players
Game mode
Random Map
Map size
Tiny (2 player)
Population
200
Speed
Normal
Resources
Standard
Victory
Conquest
Starting age
Dark Age
Ending age
Imperial Age
RankedLock teamsTeams togetherTeam positionsShared explorationLock speedFull tech treeHidden civsTurbo modeCheats
Victory
Defeat
🇲🇽 Georgians · Mexico
857
+14
🇨🇭 Japanese · Switzerland
822
-14
marc10der
1:13 Loom
11:01 Feudal Age
23:01 Castle Age
27:32 Horse Collar
29:47 Double-Bit Axe
33:23 Gold Mining
47:06 Imperial Age
46:00 Heavy Plow
55:23 Wheelbarrow
54:33 Town Watch
57:11 Bow Saw
58:38 Squires
61:15 Forging
61:05 Scale Mail Armor
62:58 Sanctity
62:19 Pikeman
63:03 Scale Mail Armor
jorge.islas.escalante
6:22 Loom
10:08 Feudal Age
15:56 Forging
17:44 Scale Barding Armor
19:13 Horse Collar
19:36 Double-Bit Axe
20:30 Town Watch
21:10 Bloodlines
25:34 Castle Age
29:43 Fletching
30:49 Wheelbarrow
33:22 Wheelbarrow
38:28 Murder Holes
41:19 Crossbowman
42:45 Bodkin Arrow
47:49 Imperial Age
46:57 Heavy Plow
47:22 Ballistics
48:10 Gold Mining
48:31 Bow Saw
49:54 Iron Casting
50:52 Conscription
51:29 Hand Cart
52:08 Chain Barding Armor
54:00 Conscription
55:13 Chemistry
54:37 Light Cavalry
55:18 Husbandry
56:31 Crop Rotation
57:06 Blast Furnace
56:43 Plate Barding Armor
56:41 Hussar
61:49 Chemistry
62:15 Stone Mining
64:58 Town Patrol
Connection lost

Rejoining the realm…

Still unreachable

The connection could not be restored.

Session expired

The server has moved on; the page needs a fresh start.